 Dungeon Crawl Stone Soup version 0.19-a0-958-gd69d43c (webtiles) character file.

110 George the Slasher (level 4, -7/35 HPs)
             Began as a Mummy Fighter on July 11, 2016.
             Killed by divine providence
             ... invoked by an orc priest
              (12 damage)
             ... on level 3 of the Dungeon.
             The game lasted 00:02:28 (2578 turns).

George the Slasher (Mummy Fighter)                  Turns: 2578, Time: 00:02:29

Health: -7/35      AC:  6    Str: 20    XL:     4   Next: 61%
Magic:  4/4        EV:  7    Int:  7    God:
Gold:   98         SH:  8    Dex: 11    Spells: 0 memorised, 3 levels left

rFire  x . .     SeeInvis .     a - +0 long sword
rCold  + . .     Gourm    .     b - +0 scale mail
rNeg   + + +     Faith    .     c - +0 shield
rPois  ∞         Spirit   .     (no helmet)
rElec  .         Dismiss  .     (no cloak)
rCorr  .         Reflect  .     (no gloves)
SustAt .         Harm     .     (no boots)
MR     .....                    (no amulet)
Stlth  ..........               (no ring)
                                (no ring)

@: not resistant to hostile enchantments, extremely unstealthy
A: no food or potions, fire vulnerability, cold resistance 1, negative energy
resistance 3, torment resistance, unbreathing
a: no special abilities


You were on level 3 of the Dungeon.
You were not hungry.

You visited 1 branch of the dungeon, and saw 3 of its levels.

You collected 98 gold pieces.

Inventory:

Hand Weapons
 a - a +0 long sword (weapon)
Armour
 b - a +0 scale mail (worn)
 c - a +0 shield (worn)
Scrolls
 d - 2 scrolls of remove curse {unknown}
 e - 2 scrolls of enchant armour {unknown}
 f - 3 scrolls of teleportation {unknown}
 g - a scroll of immolation {unknown}
 h - a scroll of random uselessness {unknown}
 i - 2 scrolls of noise {unknown}
 j - 2 scrolls of identify {unknown}


   Skills:
 - Level 3.0 Fighting
 + Level 4.0 Long Blades
 - Level 2.4 Armour
 - Level 2.4 Shields


You had 3 spell levels left.
You didn't know any spells.

Dungeon Overview and Level Annotations

Branches:
Dungeon (3/15)

Altars:


Innate Abilities, Weirdness & Mutations

You do not eat or drink.
Your flesh is vulnerable to fire.
You are immune to poison.
Your flesh is cold resistant. (rC+)
You are immune to negative energy. (rN+++)
You are immune to unholy pain and torment.
You can survive without breathing.


Message History

You hit the orc priest.
The orc priest is moderately wounded.
You block the orc priest's attack.
A worm comes into view.
You hit the orc priest.
The orc priest is heavily wounded.
The orc priest hits you with a dagger.
You are too injured to fight recklessly!
You hit the orc priest.
The orc priest is heavily wounded.
The orc priest invokes the aid of Beogh against you.
Beogh smites you!
* * * LOW HITPOINT WARNING * * *
The orc priest calls down the wrath of Beogh upon you.
You are unaffected.
An orc comes into view.
The orc shouts!
The orc priest mumbles some strange prayers to Beogh against you.
Beogh smites you!
You die...

#### ...####
#....# #####....#
.......<#####
#..........#
#........#.#
###.##..@.......#
..o..wo.....##.##
###.####....##.#
...........##.#
####.####.###.# #
#.# #.# #.# #.#
#.# #.# #.# #.#


You could see a worm, an orc priest and an orc.

Vanquished Creatures
  5 adders (D:2)
  A worm (D:2)
  3 giant geckos
  2 orcs (D:3)
  8 bats
  2 giant cockroaches
  4 goblins
  4 hobgoblins
  9 jackals (D:1)
  6 giant newts
  7 kobolds
  5 rats
56 creatures vanquished.

Notes
Turn   | Place    | Note
-------+----------+-------------------------------------------
     0 | D:1      | George the Mummy Fighter began the quest for the Orb.
     0 | D:1      | Reached XP level 1. HP: 18/18 MP: 1/1
   171 | D:1      | Reached skill level 2 in Long Blades
   177 | D:1      | Reached XP level 2. HP: 21/24 MP: 2/2
  1184 | D:1      | Reached XP level 3. HP: 29/29 MP: 3/3
  1476 | D:2      | Reached skill level 3 in Long Blades
  2085 | D:2      | Reached XP level 4. HP: 32/35 MP: 4/4
  2454 | D:3      | Reached skill level 4 in Long Blades
  2479 | D:3      | Found a faded altar of an unknown god.
  2578 | D:3      | Killed from afar by an orc priest

Vault maps used:
D:1:      eino_arrival_tree_alley
D:3:      ecumenical_altar_1, first_bread, uniq_sigmund, uniq_robin

Skill      XL: |  1  2  3  4 |
---------------+-------------+-----
Long Blades    | 2 3 4 |  4.0
Fighting       | |  3.0
Armour         | |  2.4
Shields        | |  2.4

Action                   |  1- 3 |  4- 6 || total
-------------------------+-------+-------++-------
Melee: Long sword        |   165 |    60 ||   225
 Stab: Distracted        |       |     1 ||     1
Armor: Scale mail        |    80 |    13 ||    93
Dodge: Dodged            |    63 |    21 ||    84
Block: Shield            |    68 |    26 ||    94
